 Dungeon Crawl Stone Soup version 0.18-a0-24-g6e14259 (webtiles) character file.

12 SlimeFever the Grave Robber (level 2, 0/19 HPs)
             Began as a Mummy Necromancer on Nov 3, 2015.
             Slain by a jackal (1 damage)
             ... on level 1 of the Dungeon.
             The game lasted 00:02:31 (289 turns).

SlimeFever the Grave Robber (Mummy Necromancer)      Turns: 289, Time: 00:02:31

Health: 0/19       AC:  2    Str: 11    XL:     2   Next: 20%
Magic:  1/5        EV: 12    Int: 14    God:
Gold:   22         SH:  0    Dex: 12    Spells: 1 memorised, 4 levels left

rFire  x . .     SeeInvis .     (no weapon)
rCold  + . .     Clarity  .     a - +0 robe
rNeg   + + +     SustAt   .     (no shield)
rPois  ∞         Gourm    .     (no helmet)
rElec  .         Spirit   .     (no cloak)
rCorr  .         Warding  .     (no gloves)
rMut   .         Stasis   .     (no boots)
MR     .....                    (no amulet)
Stlth  ++........               (no ring)
                                (no ring)

@: very slightly contaminated, not resistant to hostile enchantments, unstealthy
A: no food or potions, fire vulnerability, cold resistance 1, negative energy
resistance 3, torment resistance, unbreathing
a: no special abilities


You were on level 1 of the Dungeon.
You were not hungry.

You visited 1 branch of the dungeon, and saw 1 of its levels.

You collected 22 gold pieces.

Inventory:

Armour
 a - a +0 robe (worn)
Books
 b - a book of Necromancy

   Spells                             Type                      Level
   a - Pain                           Necromancy                   1
   b - Animate Skeleton               Necromancy                   1
   c - Vampiric Draining              Necromancy                   3
   d - Regeneration                   Charms/Necromancy            3
   e - Animate Dead                   Necromancy                   4
   f - Control Undead                 Necromancy                   4


   Skills:
 + Level 1.7 Dodging
 + Level 1.5 Stealth
 + Level 2.0 Spellcasting
 + Level 4.4 Necromancy


You had 4 spell levels left.
You knew the following spells:

 Your Spells              Type           Power        Failure   Level  Hunger
a - Pain                  Necr           ##..         4%          1    N/A

Dungeon Overview and Level Annotations

Branches:
Dungeon (1/15)

Altars:


Innate Abilities, Weirdness & Mutations

You do not eat or drink.
Your flesh is vulnerable to fire.
You are immune to poison.
Your flesh is cold resistant.
You are immune to negative energy.
You are immune to unholy pain and torment.
You can survive without breathing.


Message History

* * * LOW HITPOINT WARNING * * *
You hit the bat.
The bat is severely wounded.
The bat closely misses you.
You closely miss the bat.
The bat is severely wounded.
The bat closely misses you. The bat barely misses you.
The bat barely misses you.
You hit the bat.
You kill the bat!
The jackal stops to sniff the ground.
The jackal bites you.
* * * LOW HITPOINT WARNING * * *
Casting: Pain
Confirm with . or Enter, or press ? or * to list all spells.
Aiming: Pain
Press: ? - help, Shift-Dir - straight line, f - jackal
Aim: a jackal (chance to defeat MR: 91%)
The jackal convulses in agony!
The jackal bites you.
You die...

###.....####...#
##..............##
##....>.########..# ##..######
##.# ####...##N# ##.#### #
##.....###### ##.....#..
#..##.###...#### ##..........
#.###...'.>.'.÷####%..........
##.##...##...##.@hhh...........
#..#..#####.########...........
.....## #.#.#e# #...........
.....######.### #.....h.....
.....##d#...#n# #..!......h.
.....####.##### ##(......h?
.###.##o#.#N# ##........ .#
#.####.### ##..##### ##
#.##N#.#x# ..#


You could see 3 jackals.

Vanquished Creatures
  An ooze (D:1)
  A jackal (D:1)
  A kobold (D:1)
  3 bats (D:1)
  A giant newt (D:1)
  2 rats (D:1)
9 creatures vanquished.

Notes
Turn   | Place    | Note
--------------------------------------------------------------
     0 | D:1      | SlimeFever the Mummy Necromancer began the quest for the Orb.
     0 | D:1      | Reached XP level 1. HP: 13/13 MP: 3/3
     0 | D:1      | Noticed a gargoyle
     0 | D:1      | Noticed a dwarf
    13 | D:1      | Noticed a felid
    14 | D:1      | Noticed a centaur
    16 | D:1      | Noticed a troll
    16 | D:1      | Noticed a ghoul
    18 | D:1      | Noticed a troll
    18 | D:1      | Noticed a vine stalker
    19 | D:1      | Noticed a naga
    21 | D:1      | Noticed an octopode
    23 | D:1      | Noticed a ghoul
    23 | D:1      | Noticed a naga
    25 | D:1      | Noticed an elf
    25 | D:1      | Noticed a draconian
    28 | D:1      | Noticed a naga
   186 | D:1      | Reached XP level 2. HP: 2/19 MP: 0/5
   289 | D:1      | Slain by a jackal

Vault maps used:
D:1:      shiori_arrival_whats_in_store_for_you, minivault_5, tso_metal_star

Action                   || total
-------------------------++-------
Melee: Unarmed           ||    24
 Cast: Pain              ||    15
